[Event "Titled Tuesday Blitz April 19 Early 2022"]
[White "Shuvalov, Evgenij"]
[Black "Kahlert, Thomas"]
[WhiteFideId "4187237"]
[BlackFideId "4625242"]
[WhiteElo "2130"]
[BlackElo "2228"]
[Result "1-0"]
[Round "08"]
[TimeControl "180+1"]
[Date "2022.04.19"]
[WhiteClock "0:00:43"]
[BlackClock "0:01:50"]

1. e4 e5 2. Nf3 Nc6 3. Bc4 Nf6 4. Ng5 d5 5. exd5 Na5 6. Bb5+ Bd7 7. Qe2 Be7 8. Nc3 O-O 9. Bxd7 Qxd7 10. Nf3 Nxd5 11. Nxe5 Qe6 12. Nxd5 Qxd5 13. O-O Bd6 14. Nf3 Rfe8 15. Qd1 Rad8 16. d3 Nc6 17. Be3 a6 18. Qd2 Qh5 19. Bf4 Bxf4 20. Qxf4 Re2 21. Rac1 Rd7 22. Rfe1 Rxe1+ 23. Rxe1 h6 24. Re8+ Kh7 25. Qe4+ Qg6 26. Qxg6+ Kxg6 27. Ne5+ Nxe5 28. Rxe5 Kf6 29. Re4 Rd6 30. f4 g6 31. Kf2 h5 32. Ke3 Rb6 33. b3 Rc6 34. Rc4 Re6+ 35. Re4 Rc6 36. Kd2 Kf5 37. g3 Kg4 38. d4 Kh3 39. Re2 h4 40. gxh4 Kxh4 41. d5 Rd6 42. c4 Kg4 43. Re7 c6 44. Rxf7 cxd5 45. c5 Rc6 46. b4 a5 47. a3 axb4 48. axb4 b6 49. cxb6 Rxb6 50. Kc3 Rc6+ 51. Kb3 Rc4 52. b5 Rc1 53. Kb4 d4 54. Rd7 Kxf4 55. Rxd4+ Kf3 56. Rd2 g5 57. b6 Rb1+ 58. Kc5 g4 59. Kc6 Ke3 60. Rc2 Kf3 61. Kc7 1-0


[Site "https://www.chess.com"]

[Event "Titled Tuesday Blitz April 19 Early 2022"]
[White "Silva Lucena, Cristian"]
[Black "Brodowski, Piotr"]
[WhiteFideId "2232588"]
[BlackFideId "1124480"]
[WhiteElo "2223"]
[BlackElo "2422"]
[Result "0-1"]
[Round "08"]
[TimeControl "180+1"]
[Date "2022.04.19"]
[WhiteClock "0:00:01"]
[BlackClock "0:00:07"]

1. Nf3 c5 2. c4 Nc6 3. d4 cxd4 4. Nxd4 g6 5. g3 Bg7 6. Nc2 h5 7. h4 Nf6 8. Bg2 O-O 9. O-O d6 10. Nc3 Ng4 11. Bg5 Bd7 12. Ne3 Rc8 13. Nxg4 Bxg4 14. Qd2 Kh7 15. Rac1 Qa5 16. b3 Rfe8 17. Rfe1 a6 18. Nd5 Qxd2 19. Bxd2 Bd4 20. e3 Ba7 21. Bc3 Bd7 22. Bb2 f6 23. Red1 Kg7 24. Rd2 Ne5 25. Bxe5 fxe5 26. Rcd1 b5 27. Bf1 bxc4 28. Bxc4 a5 29. a4 Bg4 30. Rc1 e6 31. Nc3 d5 32. Bb5 Re7 33. Na2 Rec7 34. Rxc7+ Rxc7 35. Kg2 e4 36. Be2 Rb7 37. Bxg4 hxg4 38. Nc1 Bb8 39. Rc2 Bd6 40. Rc6 Ba3 41. Ne2 Rxb3 42. Nd4 Rb2 43. Nxe6+ Kf7 44. Nf4 d4 45. exd4 e3 46. Rc7+ Ke8 47. Nd3 Rd2 48. Ne5 e2 0-1


[Site "https://www.chess.com"]

[Event "Titled Tuesday Blitz April 19 Early 2022"]
[White "Skytte, Rasmus"]
[Black "Simonovic, Miroslav"]
[WhiteFideId "1404210"]
[BlackFideId "919152"]
[WhiteElo "2430"]
[BlackElo "2043"]
[Result "1-0"]
[Round "08"]
[TimeControl "180+1"]
[Date "2022.04.19"]
[WhiteClock "0:00:10"]
[BlackClock "0:00:22"]

1. e4 c5 2. Nf3 Nc6 3. d4 cxd4 4. Nxd4 e5 5. Nb5 d6 6. c4 Be7 7. N1c3 a6 8. Na3 Be6 9. Be3 Nf6 10. Be2 O-O 11. O-O Rc8 12. Qd2 Na5 13. b3 b5 14. cxb5 d5 15. exd5 Nxd5 16. Nxd5 Bxd5 17. Nc2 axb5 18. Rfd1 Be4 19. Ne1 Qxd2 20. Bxd2 b4 21. Nd3 Bxd3 22. Bxd3 Rfd8 23. Be3 Nc6 24. Ba6 Rxd1+ 25. Rxd1 Rd8 26. Rxd8+ Nxd8 27. Kf1 f5 28. Ke2 f4 29. Bb6 Ne6 30. Kd3 Kf7 31. Bc4 Kf6 32. Ke4 Ng5+ 33. Kd5 e4 34. Bc5 Bxc5 35. Kxc5 Ke5 36. Kxb4 Kd4 37. a4 e3 38. fxe3+ fxe3 39. a5 Ne4 40. a6 Nd6 41. Be2 Nc8 42. Kb5 Kc3 43. Kc6 Kd2 44. Bf1 e2 45. Bxe2 Kxe2 46. b4 Kf2 47. b5 Kxg2 48. b6 Kxh2 49. a7 Nxa7+ 50. bxa7 g5 51. a8=Q g4 52. Qa2+ Kh1 53. Qb1+ Kh2 54. Qxh7+ Kg2 55. Qe4+ Kh3 56. Qh1+ Kg3 57. Kd5 Kf2 58. Qh2+ Kf3 59. Qg1 g3 60. Ke5 g2 61. Kd4 Kg3 62. Ke3 Kg4 63. Qxg2+ Kf5 64. Qe4+ 1-0


[Site "https://www.chess.com"]

[Event "Titled Tuesday Blitz April 19 Early 2022"]
[White "Sliwicki, Damian"]
[Black "Redor, Menandro"]
[WhiteFideId "1127128"]
[BlackFideId "5222010"]
[WhiteElo "2084"]
[BlackElo "1986"]
[Result "1-0"]
[Round "08"]
[TimeControl "180+1"]
[Date "2022.04.19"]
[WhiteClock "0:01:09"]
[BlackClock "0:00:01"]

1. e4 c6 2. Nc3 d5 3. Nf3 Bg4 4. h3 Bxf3 5. Qxf3 e6 6. d3 Nd7 7. Qg3 g6 8. Bg5 Be7 9. Bxe7 Nxe7 10. O-O-O O-O 11. h4 Nf6 12. h5 Qa5 13. Qh4 Nxh5 14. Qxe7 d4 15. Nb1 Rfe8 16. Qa3 Qg5+ 17. Nd2 b5 18. g3 a5 19. Be2 Ng7 20. Qd6 c5 21. Qf4 Qxf4 22. gxf4 f5 23. e5 a4 24. Nf3 Nh5 25. Rh4 h6 26. Rg1 Kf7 27. Nd2 Rg8 28. Nf1 a3 29. b3 c4 30. dxc4 bxc4 31. Bxc4 Rgc8 32. Ng3 Ng7 33. Rxh6 Rh8 34. Rgh1 Rxh6 35. Rxh6 Rd8 36. Kd2 d3 37. cxd3 Rd4 38. Ne2 Rd8 39. Ke3 Re8 40. Nd4 Re7 41. Rh7 Kg8 42. Rh1 Kf7 43. Nc6 Re8 44. d4 Nh5 45. d5 exd5 46. Bxd5+ Kg7 47. Nd4 Rc8 48. Nxf5+ gxf5 49. Rxh5 Rc2 50. b4 1-0


[Site "https://www.chess.com"]

[Event "Titled Tuesday Blitz April 19 Early 2022"]
[White "Soucek, Petr"]
[Black "Petrovic, Aleksa"]
[WhiteFideId "23715170"]
[BlackFideId "967629"]
[WhiteElo "1979"]
[BlackElo "2198"]
[Result "1-0"]
[Round "08"]
[TimeControl "180+1"]
[Date "2022.04.19"]
[WhiteClock "0:00:04"]
[BlackClock "0:00:02"]

1. e4 e6 2. d4 d5 3. Nc3 Bb4 4. e5 c5 5. a3 Bxc3+ 6. bxc3 Qa5 7. Bd2 Qa4 8. Qg4 Kf8 9. Qd1 b6 10. Nf3 Ba6 11. Bd3 Bxd3 12. cxd3 Qxd1+ 13. Kxd1 Nc6 14. dxc5 bxc5 15. d4 Rb8 16. Kc2 cxd4 17. cxd4 Ke7 18. Rhb1 Nh6 19. h3 Nf5 20. Kd3 h5 21. a4 Rxb1 22. Rxb1 Rb8 23. Rxb8 Nxb8 24. g4 hxg4 25. hxg4 Nh6 26. Bxh6 gxh6 27. Nh4 a5 28. f4 Nd7 29. g5 hxg5 30. fxg5 Nb6 31. g6 Kf8 32. gxf7 Kxf7 33. Nf3 Nxa4 34. Nd2 Nb2+ 35. Kc3 Nd1+ 36. Kb3 Ne3 37. Ka4 Nc2 38. Nb3 Kg6 39. Kxa5 Kf5 40. Kb5 Ke4 41. Kc5 Ne1 42. Kd6 Nf3 43. Kxe6 Ng5+ 44. Kd6 Nf7+ 45. Ke7 Ng5 46. Kd6 Nf7+ 47. Kc5 Ng5 48. Nd2+ Kd3 49. Nb3 Ne6+ 50. Kxd5 Nf4+ 51. Kc5 Ke4 52. Kd6 Kf5 53. d5 1-0


[Site "https://www.chess.com"]

[Event "Titled Tuesday Blitz April 19 Early 2022"]
[White "Sovetbekova, Nurai"]
[Black "Demin, Vladimir"]
[WhiteFideId "13801910"]
[BlackFideId "4167457"]
[WhiteElo "1538"]
[BlackElo "2384"]
[Result "0-1"]
[Round "08"]
[TimeControl "180+1"]
[Date "2022.04.19"]
[WhiteClock "0:00:22"]
[BlackClock "0:01:22"]

1. d4 Nf6 2. c4 e5 3. dxe5 Ng4 4. Nf3 Bc5 5. e3 Nc6 6. Be2 O-O 7. O-O Re8 8. Nbd2 Ncxe5 9. Nxe5 Nxe5 10. Nf3 a5 11. b3 Ra6 12. Bb2 Nxf3+ 13. Bxf3 Rh6 14. Qd5 Qh4 15. h3 d6 16. Rfd1 c6 17. Qd3 Bxh3 18. gxh3 Qxh3 19. Bg2 Qh2+ 20. Kf1 Rg6 21. Bf3 Rxe3 22. Qxg6 hxg6 23. fxe3 Qxb2 24. Be2 Bxe3 25. Rab1 Qf6+ 26. Kg2 Qf2+ 0-1


[Site "https://www.chess.com"]

[Event "Titled Tuesday Blitz April 19 Early 2022"]
[White "Stefanov, Plamen"]
[Black "Todorovic, Bojan"]
[WhiteFideId "2900980"]
[BlackFideId "917087"]
[WhiteElo "2137"]
[BlackElo "2266"]
[Result "0-1"]
[Round "08"]
[TimeControl "180+1"]
[Date "2022.04.19"]
[WhiteClock "0:00:02"]
[BlackClock "0:00:12"]

1. e4 e5 2. Nf3 Nc6 3. Bc4 Nf6 4. d3 d5 5. exd5 Nxd5 6. h3 Be7 7. O-O O-O 8. Re1 Nb6 9. Bb3 Bd6 10. Nc3 h6 11. Be3 Bf5 12. Qd2 Kh7 13. g4 Bd7 14. Kg2 f5 15. Nh2 e4 16. dxe4 f4 17. Bxb6 axb6 18. Nf3 Qe7 19. Nd5 Qd8 20. Rad1 Be6 21. Nxb6 Bxb3 22. axb3 Ra2 23. Nc4 Bc5 24. Qxd8 Nxd8 25. Ra1 Rxa1 26. Rxa1 Ne6 27. Rd1 Ra8 28. Rd7 b5 29. Nce5 Ra2 30. Nd3 Bd6 31. e5 Bf8 32. h4 c5 33. g5 c4 34. bxc4 bxc4 35. Nb4 Rxb2 36. Nd5 Rxc2 37. Nf6+ Kg6 38. h5+ Kf5 39. gxh6 gxh6 40. Rf7 Bc5 41. Nd7+ Ke4 42. Nxc5+ Nxc5 43. Rf6 Kd5 44. Rxh6 Ne6 45. Rh8 Ra2 46. Rc8 Ra7 47. h6 Rh7 48. Ra8 Rxh6 49. Ra5+ Ke4 50. Ra6 Rg6+ 0-1


[Site "https://www.chess.com"]

[Event "Titled Tuesday Blitz April 19 Early 2022"]
[White "Sukandar, Irine Kharisma"]
[Black "Cramling Bellon, Anna"]
[WhiteFideId "7101937"]
[BlackFideId "32009232"]
[WhiteElo "2293"]
[BlackElo "1905"]
[Result "1-0"]
[Round "08"]
[TimeControl "180+1"]
[Date "2022.04.19"]
[WhiteClock "0:00:04"]
[BlackClock "0:00:01"]

1. d4 Nf6 2. Nf3 e6 3. g3 d5 4. Bg2 c5 5. e3 Nc6 6. O-O Be7 7. b3 O-O 8. Bb2 Qb6 9. Nbd2 c4 10. Rb1 cxb3 11. axb3 Bd7 12. Ne5 Rfc8 13. c4 Be8 14. h4 a5 15. Qe2 Nb4 16. g4 Nd7 17. Nxd7 Bxd7 18. g5 a4 19. bxa4 Rxa4 20. Bc3 Qd8 21. c5 Na2 22. Ba1 Bc6 23. Nf3 Qa5 24. Ne5 Rb4 25. Rxb4 Nxb4 26. Bc3 Bb5 27. Qd2 Bxf1 28. Bxb4 Qa1 29. Bxf1 Ra8 30. Kg2 Ra2 31. Qc3 Qd1 32. c6 Ra1 33. Qxa1 Qxa1 34. c7 Qc1 35. Bc5 Bxc5 36. c8=Q+ Bf8 37. Qxc1 1-0


[Site "https://www.chess.com"]

[Event "Titled Tuesday Blitz April 19 Early 2022"]
[White "Swicarz, Maciej"]
[Black "Lauridsen, Jesper Morch"]
[WhiteFideId "1113585"]
[BlackFideId "1401890"]
[WhiteElo "2057"]
[BlackElo "2264"]
[Result "1-0"]
[Round "08"]
[TimeControl "180+1"]
[Date "2022.04.19"]
[WhiteClock "0:00:28"]
[BlackClock "0:00:17"]

1. e4 e6 2. d4 d5 3. e5 c5 4. Qg4 cxd4 5. Nf3 Qa5+ 6. Nbd2 Nc6 7. Bd3 Nh6 8. Qg3 Nb4 9. Nxd4 Nxd3+ 10. cxd3 Bd7 11. O-O Qb6 12. N2b3 a5 13. Be3 a4 14. Nf3 Qa6 15. Bxh6 gxh6 16. Nc1 Be7 17. Qg7 O-O-O 18. Qxf7 Rde8 19. Ne2 Qxd3 20. Nf4 Qa6 21. g3 Rhf8 22. Qxh7 Rxf4 23. gxf4 Qe2 24. Kg2 d4 25. Rac1+ Kb8 26. Rc2 Qb5 27. Rfc1 Bc6 28. Rxc6 bxc6 29. Qe4 d3 30. Rxc6 Rg8+ 31. Kh3 Qxb2 32. Qxd3 Qb7 33. Rc1 Ka8 34. Rb1 Qd5 35. Qa6# 1-0


[Site "https://www.chess.com"]

[Event "Titled Tuesday Blitz April 19 Early 2022"]
[White "Sztokbant, Bernardo Vainzoff"]
[Black "Tristan, Leonardo"]
[WhiteFideId "2115956"]
[BlackFideId "113816"]
[WhiteElo "2553"]
[BlackElo "2776"]
[Result "0-1"]
[Round "08"]
[TimeControl "180+1"]
[Date "2022.04.19"]
[WhiteClock "0:00:03"]
[BlackClock "0:00:11"]

1. d4 d5 2. c4 e6 3. Nf3 Nf6 4. Nc3 a6 5. cxd5 exd5 6. Bg5 Be6 7. e3 Nbd7 8. Bd3 Bd6 9. O-O c6 10. e4 dxe4 11. Nxe4 Be7 12. Bf4 Nxe4 13. Bxe4 O-O 14. Re1 Nf6 15. Bc2 Nd5 16. Bg3 Bd6 17. Ne5 Re8 18. Qh5 Nf6 19. Qf3 Bd5 20. Qd3 g6 21. Bh4 Be7 22. Bb3 Rb8 23. Bg3 Rc8 24. Rad1 a5 25. h3 Bb4 26. Re2 Bxb3 27. Qxb3 Qd5 28. Qxd5 Nxd5 29. a3 Bf8 30. Rde1 a4 31. Kf1 f6 32. Nd3 Rxe2 33. Rxe2 Kf7 34. Ke1 Rd8 35. f3 Bh6 36. Bf2 Nc7 37. Nc5 b5 38. Rc2 Nd5 39. Ne4 Ne7 40. Ke2 Bf4 41. Nc5 Nf5 42. Nd3 Be3 43. Bxe3 Re8 44. Kd2 Nxe3 45. Rxc6 Nxg2 46. Rc7+ Kg8 47. Rc8 Rxc8 0-1


[Site "https://www.chess.com"]

[Event "Titled Tuesday Blitz April 19 Early 2022"]
[White "Terzi, Alexei"]
[Black "Vignesh, N R"]
[WhiteFideId "13505076"]
[BlackFideId "25012215"]
[WhiteElo "2031"]
[BlackElo "2363"]
[Result "0-1"]
[Round "08"]
[TimeControl "180+1"]
[Date "2022.04.19"]
[WhiteClock "0:00:10"]
[BlackClock "0:00:27"]

1. e4 g6 2. d4 Bg7 3. Nc3 d6 4. h4 h5 5. Nf3 a6 6. a4 Bg4 7. Be2 Nc6 8. Be3 e5 9. d5 Bxf3 10. Bxf3 Nd4 11. Bxd4 exd4 12. Ne2 Qf6 13. Qd3 Ne7 14. O-O-O O-O 15. Qxd4 b5 16. Qxf6 Bxf6 17. a5 Rfd8 18. Nd4 Bxd4 19. Rxd4 c5 20. Rdd1 b4 21. g4 hxg4 22. Bxg4 Kg7 23. f4 Rh8 24. h5 Rh6 25. hxg6 Rxh1 26. Rxh1 Nxg6 27. Rf1 Re8 28. Bf5 Nh4 29. Bd7 Rxe4 30. Bc8 Re7 31. Bxa6 Ra7 32. Bd3 Rxa5 33. Kd2 Ra8 34. Ke3 Kf6 35. Rh1 Nf5+ 36. Bxf5 Kxf5 37. Rh5+ Kg6 38. Rg5+ Kf6 39. Rh5 Ra2 40. Kd3 Rxb2 41. Rh6+ Ke7 42. f5 b3 43. f6+ Kd7 44. Kc3 Rxc2+ 45. Kxb3 Rd2 46. Rh5 Rf2 47. Rh6 Rf5 48. Kc4 Rf4+ 49. Kb5 Rb4+ 50. Ka5 Rd4 51. Rh5 Re4 52. Rh7 Re5 53. Rxf7+ Ke8 54. Rc7 Rxd5 55. Kb6 Rf5 56. Kc6 Rxf6 57. Rc8+ Ke7 58. Kd5 Rf5+ 59. Kc6 Rf4 60. Rh8 Rd4 61. Rh7+ Kf6 62. Rh6+ Ke5 63. Rh5+ Ke4 64. Rh6 c4 65. Rh4+ Kd3 0-1


[Site "https://www.chess.com"]

[Event "Titled Tuesday Blitz April 19 Early 2022"]
[White "Timofeev, Artyom"]
[Black "Tanenbaum, Zachary"]
[WhiteFideId "4140419"]
[BlackFideId "2060850"]
[WhiteElo "2594"]
[BlackElo "2168"]
[Result "1-0"]
[Round "08"]
[TimeControl "180+1"]
[Date "2022.04.19"]
[WhiteClock "0:00:15"]
[BlackClock "0:00:03"]

1. e4 e5 2. Nf3 Nc6 3. Nc3 Nf6 4. Be2 Bb4 5. O-O O-O 6. Re1 d6 7. d3 Bxc3 8. bxc3 h6 9. Nd2 Be6 10. Nf1 d5 11. exd5 Nxd5 12. Bd2 Qf6 13. Ng3 Nf4 14. Bf3 Rad8 15. Rb1 Bc8 16. Nh5 Nxh5 17. Bxh5 b6 18. Bf3 Ne7 19. c4 Ng6 20. Qe2 Rfe8 21. g3 Bh3 22. Be4 Bf5 23. Bg2 Qe6 24. Bc3 Bh3 25. Bf3 Qd7 26. a3 Qf5 27. a4 Qg5 28. Qe3 Qf5 29. a5 Qe6 30. c5 bxa5 31. Bxa5 Rd7 32. c6 Rde7 33. Bb4 f5 34. Bxe7 Rxe7 35. Qc5 Kh7 36. Qd5 Qf6 37. Rb8 Re6 38. Qd8 Qf7 39. Bd5 f4 40. Be4 Bf5 41. Qd7 Qf6 42. Qd8 Qxd8 43. Rxd8 Bxe4 44. Rxe4 Rxc6 45. Rc4 Rb6 46. Kg2 Rb2 47. Rxc7 a5 48. Rdd7 Nf8 49. Rxg7+ Kh8 50. Rge7 Kg8 51. Rc8 Rb6 52. Rxe5 Rf6 53. Rxa5 fxg3 54. hxg3 Kg7 55. Ra7+ Kg6 56. Rac7 Ne6 57. Rc6 h5 58. d4 h4 59. d5 h3+ 60. Kxh3 Rxf2 61. Rxe6+ Kg5 62. Rg8+ Kh5 63. Rh8+ Kg5 64. Rhe8 Rxc2 65. Re4 Kf5 66. Rf4+ Kg6 67. d6 Kh5 68. d7 Rc6 69. d8=Q Re6 70. Qh4+ Kg6 71. Rxe6+ Kg7 72. Qh6+ Kg8 73. Rf8# 1-0


[Site "https://www.chess.com"]

[Event "Titled Tuesday Blitz April 19 Early 2022"]
[White "Tologon tegin, Semetei"]
[Black "Bach, Ngoc Thuy Duong"]
[WhiteFideId "13800574"]
[BlackFideId "12408956"]
[WhiteElo "2258"]
[BlackElo "1862"]
[Result "1-0"]
[Round "08"]
[TimeControl "180+1"]
[Date "2022.04.19"]
[WhiteClock "0:00:43"]
[BlackClock "0:00:05"]

1. e4 c5 2. Nf3 d6 3. d4 cxd4 4. Nxd4 Nf6 5. Nc3 a6 6. Nb3 Qc7 7. Bg5 Nbd7 8. Be2 b5 9. O-O Bb7 10. Nd5 Qd8 11. Bf3 e6 12. Nxf6+ gxf6 13. Bf4 Ne5 14. Bh5 Bxe4 15. Re1 Bg6 16. Bf3 Rc8 17. Nd4 Nxf3+ 18. Qxf3 Be7 19. Bh6 d5 20. Re2 Qd7 21. Rae1 b4 22. Nxe6 fxe6 23. Rxe6 Rc7 24. Qxf6 Rg8 25. Rxe7+ Qxe7 26. Rxe7+ Rxe7 27. Qc6+ Kf7 28. Qxd5+ Re6 29. f4 Be4 30. Qh5+ Bg6 31. Qd1 Be4 32. Bg5 h6 33. Qd7+ Kf8 34. Qxe6 hxg5 35. Qxe4 gxf4 36. Qxf4+ Kg7 37. Qxb4 1-0


[Site "https://www.chess.com"]

[Event "Titled Tuesday Blitz April 19 Early 2022"]
[White "Toncheva, Nadya"]
[Black "Lehtosaari, Mauri"]
[WhiteFideId "2924056"]
[BlackFideId "501999"]
[WhiteElo "1884"]
[BlackElo "2527"]
[Result "0-1"]
[Round "08"]
[TimeControl "180+1"]
[Date "2022.04.19"]
[WhiteClock "0:00:01"]
[BlackClock "0:00:03"]

1. e4 d5 2. exd5 Qxd5 3. Nc3 Qe5+ 4. Be2 c6 5. d4 Qc7 6. Nf3 Bf5 7. O-O e6 8. Re1 Nd7 9. a4 Be7 10. Be3 Ngf6 11. Bd3 Bg4 12. h3 Bh5 13. Ne4 Nxe4 14. Bxe4 Nf6 15. Qd3 Nxe4 16. Qxe4 Bg6 17. Qg4 h5 18. Qg3 Qxg3 19. fxg3 Bxc2 20. a5 a6 21. Ne5 O-O 22. h4 Rad8 23. Re2 Bf5 24. Ra4 Rd5 25. Bd2 Rfd8 26. Bc3 f6 27. Nc4 Kf7 28. Nb6 Rb5 29. Kf2 c5 30. Rd2 cxd4 31. Bxd4 e5 32. Be3 Rxd2+ 33. Bxd2 Rxb2 34. Ke1 Bc5 35. Nc4 Rb1+ 36. Ke2 Bg4+ 37. Kd3 Bd7 38. Ra2 Bb5 39. Rc2 Rb3+ 40. Ke4 Rxg3 41. Nxe5+ fxe5 42. Rxc5 Rxg2 43. Bg5 Bc6+ 44. Kxe5 Re2+ 45. Kf4 Re4+ 46. Kg3 g6 47. Rc1 Ke6 48. Rf1 Rg4+ 49. Kh2 Ra4 50. Rf6+ Kd5 51. Rxg6 Rxa5 52. Rh6 Ra2+ 53. Kg3 Ke4 54. Rxh5 Ra3+ 55. Kf2 b5 56. Be7 Rf3+ 57. Ke2 Rf7 58. Bb4 Bd5 59. Bc3 Bc4+ 60. Kd2 Rf2+ 61. Ke1 Re2+ 62. Kd1 Kd3 63. Rc5 Kxc3 64. Rxc4+ Kd3 65. Rc6 Ra2 0-1


[Site "https://www.chess.com"]

[Event "Titled Tuesday Blitz April 19 Early 2022"]
[White "Trost, Edvin"]
[Black "Shipov, Sergei"]
[WhiteFideId "1729519"]
[BlackFideId "4113624"]
[WhiteElo "2160"]
[BlackElo "2769"]
[Result "1/2-1/2"]
[Round "08"]
[TimeControl "180+1"]
[Date "2022.04.19"]
[WhiteClock "0:00:05"]
[BlackClock "0:00:35"]

1. Nf3 d5 2. g3 c6 3. Bg2 Bg4 4. O-O Nd7 5. d3 e5 6. Nbd2 Ngf6 7. e4 dxe4 8. dxe4 Bc5 9. Qe2 O-O 10. c3 a5 11. a4 Re8 12. Rd1 Qc7 13. Nf1 Bh5 14. h3 Bf8 15. g4 Bg6 16. Nh4 Nc5 17. Nxg6 hxg6 18. Ng3 Ne6 19. Qf3 Rad8 20. Be3 Bc5 21. Ne2 Qb6 22. Bxc5 Nxc5 23. Qe3 Qxb2 24. Rdb1 Qd2 25. Qxc5 Qxe2 26. Rxb7 Nxe4 27. Bxe4 Qxe4 28. Qxa5 Rd3 29. Qc7 Qf3 30. Rb8 Rxb8 31. Qxb8+ Kh7 32. Qxe5 f6 33. Qh2 Rxc3 34. a5 Rc2 35. a6 Qc3 36. Rf1 Ra2 37. Qc7 Rxa6 38. Kg2 Ra3 39. f3 Qc5 40. Rf2 Rc3 41. Qc8 Rc2 42. Rxc2 Qxc2+ 43. Kg3 c5 44. h4 c4 45. h5 gxh5 46. gxh5 c3 47. h6 Qg6+ 48. Kf2 Qc2+ 49. Kg3 Kxh6 50. Qh3+ Kg6 51. Qg4+ Kf7 52. Qd7+ Kf8 53. Qd8+ Kf7 54. Qd7+ Kf8 55. Qd8+ Kf7 56. Qd7+ 1/2-1/2


[Site "https://www.chess.com"]

[Event "Titled Tuesday Blitz April 19 Early 2022"]
[White "Tsyhanchuk, Stanislav"]
[Black "Costachi, Mihnea"]
[WhiteFideId "13505130"]
[BlackFideId "1217518"]
[WhiteElo "2348"]
[BlackElo "2817"]
[Result "0-1"]
[Round "08"]
[TimeControl "180+1"]
[Date "2022.04.19"]
[WhiteClock "0:00:09"]
[BlackClock "0:01:44"]

1. d4 Nf6 2. c4 g6 3. Nf3 Bg7 4. g3 O-O 5. Bg2 d6 6. O-O Nc6 7. Nc3 Bf5 8. d5 Na5 9. Nd4 Bd7 10. b3 c5 11. dxc6 bxc6 12. Bb2 Rb8 13. Rb1 Qc7 14. e4 Rfd8 15. Re1 Nb7 16. Nc2 Nc5 17. Ne3 e5 18. Qc2 Ne6 19. Rbd1 Nd4 20. Qc1 h5 21. h3 Bh6 22. Ne2 c5 23. Nc3 Qc8 24. Kh2 Rf8 25. Ncd5 Nxd5 26. cxd5 f5 27. exf5 Bxf5 28. Bxd4 cxd4 29. Qxc8 Rbxc8 30. Nc4 Rf6 31. f4 exf4 32. Rxd4 fxg3+ 33. Kxg3 Bd7 34. Rf1 Rcf8 35. Rxf6 Rxf6 36. Na5 Be3 37. Re4 Bf2+ 38. Kh2 h4 39. Nc6 Bg3+ 40. Kg1 Bf5 41. Re8+ Kg7 42. Nd4 Bf2+ 43. Kxf2 Bd7+ 44. Ke3 Bxe8 45. Ne6+ Kh6 46. Bf3 g5 47. Bg4 Bh5 48. Bxh5 Kxh5 49. Ng7+ Kg6 50. Ne8 Rf5 51. Kd4 Rf4+ 52. Ke3 Kf5 53. Nxd6+ Ke5 54. Nb5 Kxd5 55. Nxa7 Kc5 56. a4 Rb4 57. Nb5 Rxb3+ 58. Ke4 Rxh3 59. Kf5 Rg3 60. Nc7 h3 61. Ne6+ Kb4 62. Nxg5 Rxg5+ 63. Kxg5 h2 64. a5 h1=Q 65. a6 Kc5 66. a7 Kd6 67. a8=Q Qxa8 68. Kg6 Ke5 69. Kh6 Qg8 70. Kh5 Kf5 71. Kh4 Qg4# 0-1


[Site "https://www.chess.com"]

[Event "Titled Tuesday Blitz April 19 Early 2022"]
[White "Urbina Perez, Juan Antonio"]
[Black "Pacheco Lugo, Alejandro Jose"]
[WhiteFideId "2217368"]
[BlackFideId "3903745"]
[WhiteElo "2192"]
[BlackElo "2146"]
[Result "0-1"]
[Round "08"]
[TimeControl "180+1"]
[Date "2022.04.19"]
[WhiteClock "0:00:55"]
[BlackClock "0:01:01"]

1. Nf3 Nf6 2. e3 d5 3. b3 e6 4. c4 Be7 5. Be2 c5 6. O-O O-O 7. cxd5 Nxd5 8. d4 cxd4 9. Nxd4 b6 10. Ba3 Bb7 11. Bxe7 Qxe7 12. Qc1 Rc8 13. Qb2 e5 14. Nf3 Nd7 15. Nbd2 Nc3 16. Bc4 Nd5 17. Rac1 a6 18. Rfd1 b5 19. Be2 f6 20. a3 N7b6 21. b4 Na4 22. Qa1 Ndc3 23. Re1 Nxe2+ 24. Rxe2 Rxc1+ 25. Qxc1 Rc8 26. Qa1 Rc3 27. Re1 Qc7 28. Qa2+ Kf8 29. h3 Qc6 30. Rd1 Rc2 31. Qa1 Nc3 32. e4 Nxd1 33. Qxd1 Rc1 0-1


[Site "https://www.chess.com"]

[Event "Titled Tuesday Blitz April 19 Early 2022"]
[White "Valle Maytin, Luis Enrique"]
[Black "Iljin, Timofey"]
[WhiteFideId "3503666"]
[BlackFideId "14110180"]
[WhiteElo "2296"]
[BlackElo "2396"]
[Result "1-0"]
[Round "08"]
[TimeControl "180+1"]
[Date "2022.04.19"]
[WhiteClock "0:00:07"]
[BlackClock "0:00:03"]

1. e4 d5 2. exd5 Nf6 3. Nc3 Bg4 4. f3 Bf5 5. Bc4 Nbd7 6. Bb3 Nb6 7. d3 Nfxd5 8. Nge2 e6 9. Bd2 Bc5 10. Ng3 Bg6 11. Qe2 O-O 12. h4 h5 13. Nge4 Be7 14. Bg5 a5 15. a4 c5 16. Bc4 Nxc4 17. Bxe7 Qxe7 18. dxc4 Nb4 19. O-O-O Rfd8 20. Qe3 b6 21. g4 Rxd1+ 22. Nxd1 Rd8 23. Ndc3 Rd4 24. b3 Qd8 25. g5 e5 26. Ne2 Rd7 27. N2c3 Rd4 28. Qe2 Rd7 29. Qe3 Nc6 30. Nd5 Nd4 31. Nec3 Bxc2 32. Qxe5 Bxb3 33. Nf6+ gxf6 34. gxf6 Ne2+ 35. Nxe2 Rd1+ 36. Kb2 Rxh1 37. Qg5+ Kf8 38. Qg7+ Ke8 39. Qg8+ Kd7 40. Qxf7+ Kc6 41. Qe6+ Qd6 42. Qe4+ Kc7 43. Kxb3 Rd1 44. Nc3 Rd3 45. Kc2 Rd4 46. Nb5+ Kd7 47. Nxd6 Rxe4 48. Nxe4 Ke6 49. Kd3 1-0


[Site "https://www.chess.com"]

[Event "Titled Tuesday Blitz April 19 Early 2022"]
[White "Vidonyak, Roman"]
[Black "Vokarev, Sergey"]
[WhiteFideId "14100622"]
[BlackFideId "4119711"]
[WhiteElo "2443"]
[BlackElo "2343"]
[Result "0-1"]
[Round "08"]
[TimeControl "180+1"]
[Date "2022.04.19"]
[WhiteClock "0:00:54"]
[BlackClock "0:01:31"]

1. d4 d5 2. c4 dxc4 3. e3 e5 4. Bxc4 exd4 5. exd4 Bd6 6. Nf3 Nf6 7. O-O O-O 8. Nc3 Nc6 9. h3 h6 10. Re1 Bf5 11. a3 Qd7 12. Be3 Rfe8 13. Qd2 Rad8 14. Rad1 Ne4 15. Nxe4 Bxe4 16. Nh2 Ne7 17. Ng4 Qf5 18. Bxh6 Nd5 19. Bxd5 Bxd5 20. Bg5 Rc8 21. Nh2 Qg6 22. Ng4 f6 23. Bf4 f5 24. Ne5 Qxg2# 0-1


[Site "https://www.chess.com"]

[Event "Titled Tuesday Blitz April 19 Early 2022"]
[White "Vlassov, Nikolai"]
[Black "Zor, Alber Kadir"]
[WhiteFideId "4103360"]
[BlackFideId "6353169"]
[WhiteElo "2407"]
[BlackElo "1966"]
[Result "1-0"]
[Round "08"]
[TimeControl "180+1"]
[Date "2022.04.19"]
[WhiteClock "0:01:05"]
[BlackClock "0:00:02"]

1. e4 c5 2. c3 Nf6 3. e5 Nd5 4. d4 cxd4 5. cxd4 d6 6. Bc4 dxe5 7. dxe5 Be6 8. Nc3 Nxc3 9. Qxd8+ Kxd8 10. Bxe6 fxe6 11. bxc3 Nc6 12. Nf3 g6 13. Bf4 Bg7 14. O-O-O+ Ke8 15. Rhe1 Rf8 16. Bg3 Rd8 17. Rxd8+ Nxd8 18. Kc2 Nc6 19. Ng5 Rf5 20. f4 Bxe5 21. Nxe6 Bf6 22. Rd1 Kf7 23. Nd8+ Nxd8 24. Rxd8 Rc5 25. Be1 Rc4 26. Bd2 b5 27. Rb8 a6 28. Rb6 Ra4 29. Kb3 h5 30. g3 h4 31. Be3 hxg3 32. hxg3 Re4 33. Bc5 Re2 34. Rxa6 Rg2 35. Rb6 Rxg3 36. Bb4 Rf3 37. Rxb5 Rxf4 38. a4 Rf1 39. a5 Ra1 40. Kb2 Ra4 41. Kb3 Ra1 42. Ba3 Bxc3 43. a6 Bd4 44. Rb7 Kf6 45. Bxe7+ Kf5 46. Ba3 Rb1+ 47. Kc4 Rxb7 48. axb7 Be5 49. Kd5 Bb8 50. Bd6 Ba7 51. Kc6 g5 52. Kc7 g4 53. Bc5 Bxc5 54. b8=Q g3 55. Qb5 Kf4 56. Qxc5 Kf3 57. Qg1 1-0


[Site "https://www.chess.com"]

[Event "Titled Tuesday Blitz April 19 Early 2022"]
[White "Vokhidov, Shamsiddin"]
[Black "Ibarra Jerez, Jose Carlos"]
[WhiteFideId "14204223"]
[BlackFideId "2226332"]
[WhiteElo "2611"]
[BlackElo "2626"]
[Result "1-0"]
[Round "08"]
[TimeControl "180+1"]
[Date "2022.04.19"]
[WhiteClock "0:00:57"]
[BlackClock "0:00:05"]

1. e4 c5 2. Nf3 Nc6 3. Bb5 e5 4. c3 a6 5. Ba4 b5 6. Bc2 d5 7. d4 exd4 8. cxd4 Nf6 9. Nc3 dxe4 10. Nxe4 cxd4 11. Nxf6+ Qxf6 12. O-O Be7 13. Bg5 Qd6 14. Be4 Bxg5 15. Nxg5 h6 16. Bxc6+ Qxc6 17. Re1+ Be6 18. Nxe6 fxe6 19. Qh5+ Ke7 20. Qe5 Kf7 21. Rac1 Qd5 22. Rc7+ Ke8 23. Qxd5 1-0


[Site "https://www.chess.com"]